 Dungeon Crawl Stone Soup version 0.31.0-32-g396128a36d (webtiles) character file.

Game seed: 9216621965892366259

44 Doomgape the Trooper (level 3, -4/24 HPs)
             Began as a Gargoyle Fighter on Mar 15, 2024.
             Slain by Sigmund
             ... wielding a +0 scythe
              (10 damage)
             ... on level 2 of the Dungeon.
             The game lasted 00:02:08 (975 turns).

Doomgape the Trooper (Gargoyle Fighter)              Turns: 975, Time: 00:02:09

Health: -4/24      AC: 10    Str: 21    XL:     3   Next: 60%
Magic:  3/3        EV:  9    Int:  8    God:
Gold:   60         SH:  6    Dex:  9    Spells: 2/2 levels left

rFire   . . .        a - +0 flail
rCold   . . .        l - +2 buckler
rNeg    + . .        b - +0 scale mail
rPois   ∞            (no helmet)
rElec   +            (no cloak)
rCorr   .            (no gloves)
SInv    .            (no boots)
Will    .....        (no amulet) Stlth
                     (no ring)
HPRegen 0.24/turn    (no ring)
MPRegen 0.08/turn

%: no passive effects
@: mighty
A: sickness immunity, AC +3, negative energy resistance 1, electricity
resistance, torment resistance 1, petrification resistance
a: no special abilities


You were on level 2 of the Dungeon.
You visited 1 branch of the dungeon, and saw 2 of its levels.

You collected 60 gold pieces.

Inventory:

Hand Weapons
 a - a +0 flail (weapon)
Missiles
 k - 2 javelins (quivered)
Armour
 b - a +0 scale mail (worn)
 l - a +2 buckler (worn)
Scrolls
 f - 3 scrolls of identify {unknown}
 h - 2 scrolls of teleportation {unknown}
 i - a scroll of enchant weapon {unknown}
Potions
 e - 2 potions of heal wounds {unknown}
 g - a potion of resistance {unknown}
 j - a potion of lignification {unknown}


   Skills:
 + Level 3.9 Fighting
 + Level 2.7 Maces & Flails
 + Level 3.9 Armour
 - Level 3.2 Shields


You had 2 spell levels left.
You didn't know any spells.
Your spell library was empty.

Dungeon Overview and Level Annotations

Branches:
Dungeon (2/15)

Altars:

Annotations:
D:2 Sigmund


Innate Abilities, Weirdness & Mutations

You are immune to sickness and miasma.
Your stone body is resilient. (AC +3)
You are immune to poison.
You resist negative energy. (rN+)
You are resistant to electric shocks. (rElec)
You are resistant to unholy torment.
You are immune to petrification.


Message History

The adder is heavily wounded.
The adder bites you but does no damage.
A ball python comes into view.
You block the adder's attack.
The ball python moves out of view.
You feel very mighty all of a sudden. The adder bites you but does no damage.
Unknown command.
You sock the adder!
You kill the adder!
The kobold throws a stone.
The stone barely misses you.
You sock the endoplasm!
You kill the endoplasm!
You sock the kobold!
You kill the kobold!
The endoplasm freezes you.
You are frozen.
You completely miss the endoplasm. Something hits you but does no damage.
The endoplasm hits you but does no damage.
You sock the endoplasm!
You kill the endoplasm!
Something hits you but does no damage.
You hear some strange, mumbled words.
You are confused.
Items here: ( ) ††.
You bump into the rock wall.
Something hits you.
You bump into the rock wall.
You completely miss something. Something hits you but does no damage.
You completely miss something. Something hits you.
You closely miss something.
You feel less confused. Something hits you!
You miss something. Something hits you.
You thump something! Something hits you but does no damage.
You miss something. You hit something but do no damage. Something hits you.
* * * LOW HITPOINT WARNING * * *
You barely miss something. Something hits you.
* * * LOW HITPOINT WARNING * * *
You closely miss something. Something hits you!
You die...

.?...... .......
..... .... # ..#
##.# #.# .....
#########.###......
........@{.<.......
...#########.......
#.#.... ...... #.[
. .#.. # .


There were no monsters in sight!

Vanquished Creatures
  An adder (D:2)
  3 dart slugs (D:1)
  4 endoplasms
  2 giant cockroaches (D:1)
  3 goblins (D:1)
  A hobgoblin (D:1)
  3 kobolds
  3 ball pythons (D:1)
  2 bats (D:1)
  A frilled lizard (D:1)
  5 rats (D:1)
28 creatures vanquished.

Notes
Turn   | Place    | Note
-------+----------+-------------------------------------------
     0 | D:1      | Doomgape the Gargoyle Fighter began the quest for the Orb.
     0 | D:1      | Reached XP level 1. HP: 14/14 MP: 1/1
    40 | D:1      | Found a faded altar of an unknown god.
   276 | D:1      | Reached XP level 2. HP: 19/19 MP: 2/2
   737 | D:1      | Reached XP level 3. HP: 24/24 MP: 3/3
   939 | D:2      | Noticed Sigmund
   975 | D:2      | Slain by Sigmund

Illustrated notes

Levels and vault maps discovered:
D:1:      amcnicky_arrival_underground_garden, layout_loops_corners,
          dreamdust_ecumenical_altar_statues, minmay_tetromino_i4
D:2:      layout_rooms, basic_altar, hangedman_decor_clover_reticule,
          uniq_natasha, uniq_sigmund

Action                     || total
---------------------------++-------
  Melee: Flail             ||   100
    Use: Potion            ||     1
 Armour: Scale mail        ||    70
  Dodge: Dodged            ||    52
  Block: Buckler           ||    24
